 Dungeon Crawl Stone Soup version 0.23.2 (webtiles) character file.

Game seed: 12126625226336340365

4575 mevx the Carver (level 10, -1/63 HPs)
             Began as a Gargoyle Berserker on Apr 10, 2019.
             Was a High Priest of Trog.
             Slain by a 12-headed hydra (6 damage)
             ... on level 1 of the Lair of Beasts on Apr 12, 2019.
             The game lasted 02:16:02 (8120 turns).

mevx the Carver (Gargoyle Berserker)                Turns: 8120, Time: 02:16:05

Health: -1/63      AC: 29    Str: 23    XL:     10   Next: 41%
Magic:  10/10      EV:  8    Int:  7    God:    Trog [*****.]
Gold:   370        SH:  0    Dex: 10    Spells: 9/9 levels left

rFire    + . .     SeeInvis +   y - +6 falchion (holy)
rCold    x . .     Gourm    .   (no shield)
rNeg     + + .     Faith    +   r - +0 plate armour
rPois    ∞         Spirit   .   z - +1 helmet {SInv}
rElec    +         Reflect  .   H - +2 ratskin cloak {+Rats rPois rN+ Str-1 Int-1 Dex+1}
rCorr    .         Harm     .   (no gloves)
MR       .....                  h - +2 pair of boots
Stlth    ..........             x - amulet of faith
HPRegen  0.20/turn              E - ring of fire
MPRegen  0.12/turn              (no ring)

@: about to teleport, berserk cooldown, slowed, very slow
A: negative energy resistance 1, electricity resistance, unbreathing,
petrification resistance, rot immunity, AC +7
a: Berserk, Trog's Hand, Brothers in Arms, Renounce Religion, Evoke Ratskin


You were on level 1 of the Lair of Beasts.
You worshipped Trog.
Trog was extremely pleased with you.
You were hungry.

You visited 3 branches of the dungeon, and saw 11 of its levels.
You also visited: Ossuary.

You collected 520 gold pieces.
You spent 150 gold pieces at shops.

Inventory:

Hand Weapons
 a - a +0 mace
 e - a +2 dagger of venom
 k - a +0 scythe
 l - a +0 hunting sling
 s - a +0 shortbow
 y - a +6 falchion of holy wrath (weapon)
 F - a +5 triple crossbow of flaming
Missiles
 q - 84 sling bullets
 t - 64 arrows
Armour
 b - a +0 animal skin
 d - a +0 leather armour
 h - a +2 pair of boots (worn)
 n - a +0 ring mail
 r - a +0 plate armour (worn)
 z - a +1 helmet of see invisible (worn)
 H - the +2 ratskin cloak (worn) {+Rats rPois rN+ Str-1 Int-1 Dex+1}
   (You found it on level 7 of the Dungeon)

   It affects your strength (-1).
   It affects your intelligence (-1).
   It affects your dexterity (+1).
   It protects you from poison.
   It protects you from negative energy.
 K - a +0 cloak of magic resistance
Jewellery
 x - an amulet of faith (around neck)
 E - a ring of fire (left hand)
 L - an uncursed ring of protection from cold
 O - an uncursed ring of flight {unknown}
Wands
 D - a wand of paralysis (7)
 J - a wand of iceblast (8)
 M - a wand of acid (10)
Scrolls
 f - 2 scrolls of amnesia
 i - 3 scrolls of teleportation
 m - 3 scrolls of immolation
 p - a scroll of remove curse {unknown}
 B - 3 scrolls of fear
 G - a scroll of enchant armour
 I - a scroll of random uselessness {unknown}
Potions
 g - 3 potions of curing
 j - 4 potions of degeneration
 o - a potion of mutation
 u - 3 potions of agility
 v - a potion of heal wounds
 w - a potion of brilliance
 A - 3 potions of ambrosia
 C - a potion of flight
Comestibles
 c - 6 rations
 N - 5 chunks of flesh


   Skills:
 + Level 7.3 Fighting
 + Level 4.2(7.1) Short Blades
 + Level 8.8(9.3) Long Blades
 + Level 3.6 Maces & Flails
 + Level 8.0 Armour
 + Level 3.2 Dodging
 + Level 1.1 Stealth
 + Level 0.8 Evocations


You had 9 spell levels left.
You didn't know any spells.
Your spell library was empty.

Dungeon Overview and Level Annotations

Branches:
Dungeon (9/15)             Temple (1/1) D:6            Lair (1/6) D:9
    Orc: D:9-12

Altars:
Ashenzari
Cheibriados
Dithmenos
Elyvilon
Fedhas
Gozag
Hepliaklqana
Makhleb
Nemelex Xobeh
Qazlal
Ru
Sif Muna
Trog
Uskayaw
Vehumet
Wu Jian
Xom
The Shining One

Shops:
D:4 [


Innate Abilities, Weirdness & Mutations

You are resistant to torment.
Your stone body is resilient. (AC +7)
You are immune to poison.
You resist negative energy. (rN+)
You are resistant to electric shocks. (rElec)
You can survive without breathing.
You are immune to petrification.
You are immune to rotting.


Message History

You are too berserk!
You feel a strong urge to attack something.
You feel your anger nearly subside.
You are no longer berserk.
You are exhausted.
You feel yourself slow down.
Unknown command.
As you read the scroll of teleportation, it crumbles to dust.
You feel strangely unstable.
The 12-headed hydra bites you but does no damage.
The 12-headed hydra barely misses you.
The 12-headed hydra bites you but does no damage. x2
The 12-headed hydra bites you!
* * * LOW HITPOINT WARNING * * *
The 12-headed hydra closely misses you.
The 12-headed hydra bites you but does no damage.
The 12-headed hydra barely misses you.
The 12-headed hydra bites you but does no damage.
The 12-headed hydra bites you.
You die...

#.# #..# #.. . #.###
... #...#####....
#........... ####...@.#
.. #.....D### ...
#........## ....
##.........# ....
#...........# ....
###...........#
....###..............#
....P.................#
......##..............#


You could see a 12-headed hydra.

Vanquished Creatures
  Maurice (D:8)
  Joseph (D:7)
  Prince Ribbit (D:8)
  A polar bear (Lair:1)
  Sigmund (D:2)
  Menkaure (D:5)
  A water moccasin (Lair:1)
  3 orc warriors
  A black bear (D:7)
  4 ogres
  A necrophage (D:7)
  4 centaurs
  A crocodile (Lair:1)
  2 bullfrogs
  8 scorpions (Ossuary)
  3 killer bees (D:7)
  3 crimson imps (D:8)
  2 centaur zombies
  A human zombie (Ossuary)
  A bullfrog skeleton (D:7)
  2 hounds
  A quasit (D:8)
  A centaur skeleton (D:7)
  5 orc priests (D:7)
  A hell rat (D:7)
  Jessica (D:2)
  4 orc wizards
  4 worker ants
  2 big kobold zombies (Ossuary)
  3 mummies (Ossuary)
  A hound skeleton (D:7)
  2 gnolls (D:6)
  8 adders
  A howler monkey skeleton (D:9)
  6 river rats (D:7)
  3 scorpion zombies (Ossuary)
  3 shadow imps
  3 oozes
  An adder zombie (D:9)
  An adder skeleton (D:4)
  2 worms (D:2)
  10 dart slugs
  5 leopard geckos
  19 orcs
  4 bats
  2 giant cockroaches
  A gnoll zombie (Ossuary)
  5 goblins
  9 hobgoblins
  18 jackals
  3 quokkas
  A ball python (D:1)
  4 frilled lizards
  A giant cockroach zombie (D:4)
  A goblin zombie (Ossuary)
  A hobgoblin skeleton (D:9)
  A hobgoblin zombie (Ossuary)
  A jackal skeleton (D:6)
  8 kobolds
  A kobold zombie (Ossuary)
  A leopard gecko zombie (D:8)
  2 orc zombies (Ossuary)
  A quokka skeleton (D:4)
  17 rats
212 creatures vanquished.

Vanquished Creatures (collateral kills)
  A hungry ghost (D:7)
  An orc warrior (D:6)
  A centaur (D:7)
  A hound (D:6)
  An orc wizard (D:6)
  2 worker ants (D:7)
  A gnoll (D:6)
  An adder (D:6)
  An adder skeleton (D:7)
  3 orcs (D:6)
  A ball python (D:7)
  2 butterflies (D:6)
16 creatures vanquished.

Vanquished Creatures (others)
  A shadow imp (D:5)
  An orc (D:5)
2 creatures vanquished.

Grand Total: 230 creatures vanquished

Notes
Turn   | Place    | Note
-------+----------+-------------------------------------------
     0 | D:1      | mevx the Gargoyle Berserker began the quest for the Orb.
     0 | D:1      | Reached XP level 1. HP: 14/14 MP: 1/1
   189 | D:1      | Reached XP level 2. HP: 19/19 MP: 2/2
   407 | D:1      | Reached ** piety under Trog
   412 | D:1      | Reached XP level 3. HP: 18/24 MP: 3/3
   966 | D:2      | Found a glowing golden altar of the Shining One.
  1171 | D:2      | Noticed Jessica
  1184 | D:2      | Killed Jessica
  1184 | D:2      | Reached skill level 1 in Short Blades
  1184 | D:2      | Reached XP level 4. HP: 29/29 MP: 4/4
  1203 | D:2      | Noticed Sigmund
  1309 | D:2      | Killed Sigmund
  1309 | D:2      | Reached XP level 5. HP: 20/33 MP: 5/5
  1309 | D:2      | Reached XP level 6. HP: 23/38 MP: 6/6
  1922 | D:3      | Reached *** piety under Trog
  2081 | D:3      | Found a deep blue altar of Sif Muna.
  2606 | D:4      | Reached XP level 7. HP: 44/44 MP: 7/7
  2672 | D:4      | Found a deep blue altar of Sif Muna.
  2677 | D:4      | Found a shattered altar of Ashenzari.
  2684 | D:4      | Found a sparkling altar of Nemelex Xobeh.
  2867 | D:4      | Found Ymeydiewk's Antique Armour Shop.
  2872 | D:4      | Bought a glowing helmet for 150 gold pieces
  3193 | D:5      | Entered Level 5 of the Dungeon
  3200 | D:5      | Found a radiant altar of Vehumet.
  3306 | D:5      | Reached skill level 1 in Long Blades
  3353 | D:5      | Found a shimmering altar of Xom.
  3387 | D:5      | Noticed Menkaure
  3399 | D:5      | Killed Menkaure
  3432 | D:5      | Found an ornate altar of the Wu Jian Council.
  3452 | D:5      | Reached skill level 5 in Armour
  3504 | D:5      | Reached XP level 8. HP: 30/48 MP: 8/8
  3676 | D:5      | Found a blossoming altar of Fedhas.
  3688 | D:5      | Reached skill level 5 in Fighting
  3690 | D:5      | Reached **** piety under Trog
  3827 | D:5      | Found a sand-covered staircase.
  3854 | Ossuary  | Entered an ossuary
  4243 | Ossuary  | Reached skill level 1 in Stealth
  5061 | D:6      | Reached skill level 5 in Long Blades
  5061 | D:6      | Reached XP level 9. HP: 54/55 MP: 9/9
  5584 | D:6      | Found a staircase to the Ecumenical Temple.
  5591 | Temple   | Entered the Ecumenical Temple
  5939 | D:7      | Noticed Joseph
  5951 | D:7      | Killed Joseph
  5973 | D:7      | Reached ***** piety under Trog
  6368 | D:7      | Received a gift from Trog
  6470 | D:7      | Found the +2 ratskin cloak {+Rats rPois rN+ Str-1 Int-1
                  | Dex+1}
  6904 | D:7      | Found a blossoming altar of Fedhas.
  6952 | D:7      | Reached XP level 10. HP: 63/63 MP: 10/10
  7299 | D:8      | Noticed Maurice
  7318 | D:8      | Killed Maurice
  7376 | D:8      | Found a snail-covered altar of Cheibriados.
  7469 | D:8      | Noticed Prince Ribbit
  7565 | D:8      | Found a stormy altar of Qazlal.
  7604 | D:8      | Killed Prince Ribbit
  7740 | D:9      | Noticed a death yak
  7740 | D:9      | Noticed a death yak
  7752 | D:9      | Noticed a death yak
  7754 | D:9      | Noticed a death yak
  7754 | D:9      | Noticed a death yak
  7755 | D:9      | Noticed a death yak
  7960 | D:9      | Found a staircase to the Lair.
  7971 | Lair:1   | Entered Level 1 of the Lair of Beasts
  8099 | Lair:1   | Noticed a five-headed hydra
  8120 | Lair:1   | Slain by a 12-headed hydra

Skill      XL: |  1  2  3  4  5  6  7  8  9 10 |
---------------+-------------------------------+-----
Dodging        | 2 3 |  3.2
Short Blades   | 1 2 3 4 |  4.2
Fighting       | 4 5 7 |  7.3
Armour         | 3 4 5 6 7 8 |  8.0
Long Blades    | 2 5 7 8 |  8.8
Stealth        | 1 |  1.1
Maces & Flails | |  3.6
Evocations     | |  0.8

Action                   |  1- 3 |  4- 6 |  7- 9 | 10-12 || total
-------------------------+-------+-------+-------+-------++-------
Melee: Mace              |    21 |       |       |       ||    21
       Dagger            |    90 |   132 |    20 |       ||   242
       Falchion          |       |       |   359 |   135 ||   494
Invok: Berserk           |     1 |       |     3 |     1 ||     5
       Trog's Hand       |       |       |     1 |       ||     1
       Brothers in Arms  |       |       |     2 |       ||     2
 Abil: Evoke Ratskin     |       |       |     3 |       ||     3
  Use: Potion            |     1 |     1 |     5 |     1 ||     8
       Scroll            |       |       |    18 |     4 ||    22
  Eat: Ration            |     1 |     1 |     4 |     1 ||     7
       Chunk             |       |     2 |     2 |     2 ||     6
Armor: Animal skin       |     7 |       |       |       ||     7
       Leather armour    |    57 |       |       |       ||    57
       Ring mail         |     5 |     5 |       |       ||    10
       Plate armour      |       |    77 |   339 |   164 ||   580
Dodge: Dodged            |   119 |    51 |   175 |    69 ||   414
       Rpst.: Falchion   |       |       |    53 |    13 ||    66
